 Dungeon Crawl Stone Soup version 0.31.0-11-ge490571c62 (webtiles) character file.

Game seed: 15047579912544230703

632 qw the Skirmisher (level 7, 0/44 HPs)
             Began as a Deep Elf Hunter on Feb 4, 2024.
             Incinerated by a bombardier beetle (4 damage)
             ... with a burning spray
             ... on level 5 of the Dungeon.
             The game lasted 00:00:14 (3638 turns).

qw the Skirmisher (Deep Elf Hunter)                 Turns: 3638, Time: 00:00:15

Health: 0/44       AC: 12    Str: 10    XL:     7   Next: 24%
Magic:  9/9        EV: 27    Int: 12    God:
Gold:   190        SH:  0    Dex: 18    Spells: 6/6 levels left

rFire   . . .        a - +1 shortbow
rCold   . . .        (shield currently unavailable)
rNeg    . . .        b - +0 ring mail
rPois   .            d - +0 helmet
rElec   .            (no cloak)
rCorr   .            (no gloves)
SInv    .            h - +1 pair of boots
Will    .....        n - amulet of the acrobat
Stlth   +            g - +4 ring of protection
HPRegen 1.07/turn    (no ring)
MPRegen 0.11/turn

%: acrobat
@: on fire, acrobatic, glowing
A: dopey 1, regeneration 1, robust 1
a: no special abilities


You were on level 5 of the Dungeon.
You visited 1 branch of the dungeon, and saw 5 of its levels.

You collected 248 gold pieces.
You spent 58 gold pieces at shops.


Innate Abilities, Weirdness & Mutations

You are dopey. (Int -2)
Your natural rate of healing is unusually fast.
You are robust. (+10% HP)


   Skills:
 - Level 2.0 Fighting
 + Level 10.5 Ranged Weapons
 - Level 1.4 Armour
 - Level 3.9 Dodging
 - Level 1.2 Stealth


You had 6 spell levels left.
You didn't know any spells.
Your spell library was empty.

Inventory:

Hand Weapons
 a - a +1 shortbow (weapon)
Armour
 b - a +0 ring mail (worn)
 d - a +0 helmet (worn)
 h - a +1 pair of boots (worn)
Jewellery
 f - a ring of ice
 g - a +4 ring of protection (left hand)
 n - an amulet of the acrobat (around neck)
Wands
 c - a wand of polymorph (3)
 i - a wand of flame (6)
Potions
 e - 3 potions of curing
 j - 3 potions of mutation
 l - a potion of heal wounds

Dungeon Overview and Level Annotations

Branches:
Dungeon (5/15)
 Temple: D:4-7

Altars:
Gozag
Nemelex Xobeh
Ru
Uskayaw
Xom

Shops:
D:4 =   D:5 *


Message History

The hound bites you but does no damage.
You shoot an arrow. The arrow barely misses the hound.
The liquid fire burns you! The hound barely misses you.
The hound bites you but does no damage.
You shoot an arrow. The arrow closely misses the hound.
The liquid fire burns you! The hound bites you but does no damage.
You shoot an arrow. The arrow barely misses the hound.
The liquid fire burns you! The hound bites you. x2
You shoot an arrow. The arrow hits the hound.
The hound is severely wounded.
The liquid fire burns you! The hound bites you but does no damage.
You shoot an arrow. The arrow hits the hound.
You kill the hound!
The liquid fire burns you!
You shoot an arrow. The arrow hits the bombardier beetle.
The bombardier beetle is almost dead.
The liquid fire burns you!
You shoot an arrow. The arrow hits the bombardier beetle.
The bombardier beetle is almost dead.
The liquid fire burns you!
The bombardier beetle sprays incendiary fluid at you.
The burning spray hits you.
You are even more covered in liquid fire!
You shoot an arrow.
The arrow hits the bombardier beetle but does no damage.
The bombardier beetle is almost dead.
The liquid fire burns you!
You shoot an arrow. The arrow hits the bombardier beetle.
You kill the bombardier beetle!
The liquid fire burns you!
You are on fire!
The liquid fire burns you!
You are on fire!
The liquid fire burns you!
You are on fire!
The liquid fire burns you!
You die...

......#########
..............#
.......
......######.##
...8... .....##
#.# <.....>
....## #.#
...8... ....#
#.# .......
...## #.##
.8...8. ...#
#..###%....:.
.###
##...@....# ##
##########


There were no monsters in sight!

Vanquished Creatures
  A black bear (D:5)
  A centaur (D:5)
  A scorpion (D:5)
  A howler monkey (D:5)
  A bombardier beetle (D:5)
  5 hounds
  An orc wizard (D:5)
  Terence (D:3)
  6 adders
  A dart slug (D:1)
  A ribbon worm (D:4)
  8 orcs
  6 endoplasms
  6 goblins
  5 hobgoblins
  12 jackals
  5 kobolds
  3 quokkas
  2 ball pythons
  6 bats
  3 frilled lizards
  7 rats
83 creatures vanquished.

Notes
Turn   | Place    | Note
-------+----------+-------------------------------------------
     0 | D:1      | qw the Deep Elf Hunter began the quest for the Orb.
     0 | D:1      | Reached XP level 1. HP: 12/12 MP: 3/3
     0 | D:1      | 0 ||| qw: Version: 0.3-a-160-g6735b56
     0 | D:1      | 0 ||| qw: Game counter: 5531
     0 | D:1      | 0 ||| qw: Melee chars always use a shield: true
     0 | D:1      | 0 ||| qw: God list: Okawaru
     0 | D:1      | 0 ||| qw: Allow faded altars: false
     0 | D:1      | 0 ||| qw: Do Orc after clearing Dungeon:15 true
     0 | D:1      | 0 ||| qw: Do second Lair branch before Depths: true
     0 | D:1      | 0 ||| qw: Lair rune preference: random
     0 | D:1      | 0 ||| qw: Goals: Normal
     0 | D:1      | 0 ||| PLANNING D:1-11
   161 | D:1      | Reached skill level 6 in Ranged Weapons
   161 | D:1      | Reached XP level 2. HP: 16/16 MP: 4/4
   640 | D:1      | 640 ||| READING scroll labelled BOF KYEHUPO.
   640 | D:1      | 640 ||| ENCHANTING +0 shortbow.
   641 | D:1      | 641 ||| READING scroll labelled XOOROS YQEGIBE.
   670 | D:1      | 670 ||| READING scroll labelled ZOAGGE VEG GUL.
   771 | D:1      | 771 ||| DRINKING 2 bubbling clear potions.
   772 | D:1      | 772 ||| DRINKING 2 smoky yellow potions.
   772 | D:1      | Gained mutation: You are dopey. (Int -2) [potion of
                  | mutation]
   772 | D:1      | Gained mutation: Your natural rate of healing is unusually
                  | fast. [potion of mutation]
   772 | D:1      | Gained mutation: You are robust. (+10% HP) [potion of
                  | mutation]
   773 | D:1      | 773 ||| DRINKING 2 inky potions.
   774 | D:1      | 774 ||| DROPPING scroll of butterflies.
   775 | D:1      | 775 ||| DROPPING potion of brilliance.
   934 | D:2      | Reached XP level 3. HP: 13/22 MP: 5/5
  1063 | D:2      | Reached skill level 7 in Ranged Weapons
  1360 | D:2      | Reached XP level 4. HP: 24/27 MP: 6/6
  1784 | D:2      | 1784 ||| UPGRADING to +0 ring mail.
  1794 | D:2      | 1794 ||| DROPPING +0 leather armour.
  1795 | D:2      | 1795 ||| UPGRADING to +0 pair of boots.
  1800 | D:2      | 1800 ||| UPGRADING to amulet of the acrobat.
  1805 | D:2      | 1805 ||| READING scroll labelled NORAVE XICINWUU.
  1806 | D:2      | 1806 ||| READING scroll labelled NASHRE HYUTZ.
  1907 | D:2      | 1907 ||| READING scroll labelled LYKKE GAHUMUPS.
  1908 | D:2      | 1908 ||| READING scroll labelled ZOREVI AZECW.
  1909 | D:2      | 1909 ||| READING scroll labelled LIEKYN UNAGU.
  1993 | D:3      | Noticed Terence
  2000 | D:3      | Killed Terence
  2152 | D:3      | Found a faded altar of an unknown god.
  2355 | D:3      | Reached skill level 8 in Ranged Weapons
  2379 | D:3      | 2379 ||| READING scroll of enchant armour.
  2379 | D:3      | 2379 ||| ENCHANTING +0 pair of boots.
  2506 | D:3      | Found an opulent altar of Gozag.
  2506 | D:3      | Found a sparkling altar of Nemelex Xobeh.
  2665 | D:3      | 2665 ||| UPGRADING to +0 helmet.
  2670 | D:3      | 2670 ||| READING scroll labelled MEAMEF GIONOAMP.
  2670 | D:3      | 2670 ||| IDENTIFYING viscous red potion
  2671 | D:3      | 2671 ||| DROPPING potion of degeneration.
  2755 | D:4      | Reached XP level 5. HP: 30/31 MP: 7/7
  2760 | D:4      | Found Zautost's Jewellery Emporium.
  2770 | D:4      | 2770 ||| SHOPLISTING +6 ring of strength (504 gold, have
                  | 155).
  2770 | D:4      | 2770 ||| SHOPLISTING ring of see invisible (210 gold, have
                  | 155).
  2770 | D:4      | 2770 ||| SHOPLISTING ring of willpower (350 gold, have
                  | 155).
  2863 | D:4      | Reached skill level 9 in Ranged Weapons
  2974 | D:4      | Found a shimmering altar of Xom.
  2994 | D:4      | Found a sacrificial altar of Ru.
  2994 | D:4      | Found a hide-covered altar of Uskayaw.
  3125 | D:4      | 3125 ||| UPGRADING to +4 ring of protection.
  3126 | D:4      | 3126 ||| READING scroll labelled GELUKYTEGA.
  3126 | D:4      | 3126 ||| ENCHANTING +0 shortbow.
  3127 | D:4      | 3127 ||| READING 2 scrolls labelled KESTRE NARAIRCHE.
  3128 | D:4      | 3128 ||| DRINKING 2 glowing puce potions.
  3129 | D:4      | 3129 ||| DROPPING scroll of amnesia.
  3152 | D:5      | Entered Level 5 of the Dungeon
  3217 | D:5      | Found Rurchima's Book Shoppe.
  3240 | D:5      | Reached skill level 1 in Armour
  3240 | D:5      | Reached XP level 6. HP: 38/38 MP: 8/8
  3337 | D:5      | Found Bahofel's Elemental Accessories.
  3345 | D:5      | 3345 ||| BUYING wand of flame (6) (58 gold).
  3345 | D:5      | Bought a wand of flame (6) for 58 gold pieces
  3393 | D:5      | Reached skill level 10 in Ranged Weapons
  3417 | D:5      | Reached skill level 3 in Dodging
  3417 | D:5      | Reached XP level 7. HP: 16/44 MP: 9/9
  3635 | D:5      | HP: 9/44 [burnt (5)]
  3637 | D:5      | HP: 3/44 [burnt (5)]
  3638 | D:5      | Incinerated by a bombardier beetle

Levels and vault maps discovered:
D:1:      minmay_arrival_four_loops, layout_basic, minmay_indecisive_spiral
D:2:      layout_basic, minmay_quantized
D:3:      layout_loops_ring, grunt_temple_overflow_opulence,
          ebering_ecumenical_altar_sacrificial, kennysheep_nub,
          grunt_ministairs_9, minmay_stone_trees_large, lemuel_flame_loot_1,
          uniq_terence
D:4:      layout_rooms, lemuel_coloured_pillars_altar, minitemple, serial_shops,
          nicolae_shop_waterfront
D:5:      layout_loops_ring, serial_shops, nicolae_shop_rolling_square,
          nicolae_elemental_shop, grunt_ministairs_10

Skill      XL: |  1  2  3  4  5  6 |
---------------+-------------------+-----
Ranged Weapons | 6 7 8 9 10 | 10.5
Fighting       | 2 |  2.0
Armour         | 1 |  1.4
Dodging        | 3 |  3.9
Stealth        | |  1.2

Action                     |  1- 3 |  4- 6 |  7- 9 || total
---------------------------+-------+-------+-------++-------
   Fire: Shortbow          |   126 |   167 |    15 ||   308
    Use: Scroll            |     3 |     9 |       ||    12
         Potion            |     3 |     1 |       ||     4
 Armour: Leather armour    |    47 |     4 |       ||    51
         Ring mail         |       |    84 |     8 ||    92
  Dodge: Dodged            |    63 |    72 |     1 ||   136

Table legend:
 A = Non-vault XP
 B = Vault XP
 C = Vault XP percentage of total XP
 D = Non-vault monster count
 E = Vault monster count
 F = Vault count percentage of total count
                 A         B        C        D         E       F
            +---------+---------+-------+---------+---------+-------
      Total |     791 |     113 |  12.5 |      70 |      13 |  15.7
            +---------+---------+-------+---------+---------+-------
        D:1 |      28 |       5 |  15.2 |      15 |       4 |  21.1
        D:2 |      52 |      18 |  25.7 |      22 |       5 |  18.5
        D:3 |      23 |      47 |  67.1 |       6 |       3 |  33.3
        D:4 |     148 |       0 |   0.0 |      17 |       0 |   0.0
        D:5 |     540 |      43 |   7.4 |      10 |       1 |   9.1
            +---------+---------+-------+---------+---------+-------
